3156 views
Uploaded 2020-03-29 15:48:30
Game version 1.32.3
14:57 long 3on3 ladder game on (8)Mur'gulOasis_LV
Saved by BzhChris
3156 views
Uploaded 2020-03-29 15:48:30
Game version 1.32.3
14:57 long 3on3 ladder game on (8)Mur'gulOasis_LV


95 units @ 14.2k
/ 1.5k
56 buildings @ 7.4k
/ 3k


| Healing Salve | 2 | 200 |
| Lesser Clarity Potion | 3 | 210 |
| Scroll of Speed | 1 | 50 |
| total: | 6 | 460g |
| Peon | 12 | 900 | / | 0 |
| Grunt | 11 | 2200 | / | 0 |
| Raider | 8 | 1440 | / | 320 |
| Kodo Beast | 5 | 1275 | / | 300 |
| Shaman | 1 | 130 | / | 20 |
| total: | 37 | 5945g | / | 640w |
| Altar of Storms | 1 | 180 | / | 50 |
| Orc Burrow | 5 | 800 | / | 200 |
| Barracks | 1 | 180 | / | 50 |
| Voodoo Lounge | 1 | 130 | / | 30 |
| War Mill | 1 | 205 | / | 0 |
| Beastiary | 1 | 145 | / | 140 |
| Tauren Totem | 1 | 135 | / | 155 |
| Spirit Lodge | 1 | 150 | / | 150 |
| Stronghold | 5 | 1575 | / | 950 |
| Fortress | 1 | 325 | / | 190 |
| total: | 12 | 1925g | / | 775w |
| 0:02 | Peon |
| 0:05 | Altar of Storms |
| 0:19 | Peon |
| 0:21 | Orc Burrow |
| 0:24 | Peon |
| 0:34 | Barracks |
| 0:44 | Peon |
| 0:52 | Peon |
| 0:52 | Peon |
| 0:52 | Peon |
| 1:15 | Peon |
| 1:18 | Voodoo Lounge |
| 1:36 | Grunt |
| 1:36 | Grunt |
| 1:36 | Grunt |
| 1:36 | Grunt |
| 1:36 | Grunt |
| 1:43 | Peon |
| 1:43 | Peon |
| 1:43 | Peon |
| 1:44 | Peon |
| 2:09 | Feral Spirit |
| 2:20 | Stronghold |
| 2:36 | Healing Salve |
| 2:36 | Lesser Clarity Potion |
| 3:04 | Orc Burrow |
| 3:21 | Orc Burrow |
| 3:30 | Chain Lighting |
| 4:10 | Grunt |
| 4:11 | Grunt |
| 4:45 | Beastiary |
| 4:57 | Orc Burrow |
| 5:01 | Berserker Strength |
| 5:30 | War Mill |
| 5:46 | Healing Salve |
| 5:46 | Lesser Clarity Potion |
| 5:46 | Scroll of Speed |
| 5:46 | Lesser Clarity Potion |
| 6:02 | Endurance Aura |
| 6:03 | Raider |
| 6:24 | Ensnare |
| 6:36 | Feral Spirit |
| 6:44 | Raider |
| 6:46 | Kodo Beast |
| 6:51 | Fortress |
| 7:01 | Kodo Beast |
| 7:39 | Grunt |
| 8:02 | Raider |
| 8:34 | Raider |
| 9:17 | Shockwave |
| 9:23 | Raider |
| 9:24 | War Drums Damage Increase |
| 9:54 | Raider |
| 9:58 | Grunt |
| 9:58 | Grunt |
| 10:21 | Tauren Totem |
| 10:22 | Orc Burrow |
| 10:42 | Endurance Aura |
| 10:47 | Raider |
| 10:48 | Kodo Beast |
| 11:07 | Steel Armor |
| 11:11 | Spirit Lodge |
| 11:26 | Chain Lighting |
| 12:13 | Kodo Beast |
| 12:25 | Shaman Adept Training |
| 12:29 | Steel Melee Weapons |
| 13:08 | Kodo Beast |
| 13:11 | Shaman |
| 13:59 | Shockwave |
| 14:36 | Chain Lighting |
| 14:42 | Grunt |
| 14:43 | Raider |
| Right click | 800 |
| Select group | 335 |
| Select | 272 |
| Assign group | 113 |
| Build/train/purchase | 96 |
| Misc. action | 54 |
| Use ability | 46 |
| Chat | 24 |
| Resource trade | 6 |
| Item give/drop | 5 |
| Minimap ping | 3 |
| Remove unit | 2 |
| Esc | 2 |


| Scroll of Regeneration | 2 | 200 |
| Lesser Clarity Potion | 1 | 70 |
| Boots of Speed | 1 | 250 |
| total: | 4 | 520g |
| Peasant | 12 | 900 | / | 0 |
| Footman | 5 | 675 | / | 0 |
| Rifleman | 10 | 2050 | / | 300 |
| Priest | 5 | 675 | / | 50 |
| Sorceress | 2 | 310 | / | 40 |
| total: | 34 | 4610g | / | 390w |
| Scout Tower | 8 | 240 | / | 160 |
| Arcane Tower | 2 | 140 | / | 100 |
| Guard Tower | 1 | 70 | / | 50 |
| Altar of Kings | 1 | 180 | / | 50 |
| Farm | 9 | 720 | / | 180 |
| Barracks | 2 | 320 | / | 120 |
| Arcane Vault | 1 | 130 | / | 30 |
| Blacksmith | 1 | 140 | / | 60 |
| Lumber Mill | 1 | 120 | / | 0 |
| Town Hall | 1 | 385 | / | 205 |
| Arcane Sanctum | 1 | 150 | / | 140 |
| Gryphon Aviary | 3 | 420 | / | 450 |
| Keep | 2 | 640 | / | 420 |
| Castle | 1 | 360 | / | 210 |
| total: | 28 | 2805g | / | 1395w |
| 0:02 | Peasant |
| 0:07 | Altar of Kings |
| 0:13 | Peasant |
| 0:19 | Farm |
| 0:19 | Barracks |
| 0:23 | Peasant |
| 0:39 | Peasant |
| 0:49 | Farm |
| 0:57 | Peasant |
| 1:14 | Peasant |
| 1:28 | Footman |
| 1:29 | Peasant |
| 1:37 | Farm |
| 1:44 | Peasant |
| 1:49 | Footman |
| 2:04 | Footman |
| 2:06 | Summon Water Elemental |
| 2:19 | Peasant |
| 2:43 | Keep |
| 3:13 | Footman |
| 3:27 | Brilliance Aura |
| 3:45 | Arcane Vault |
| 3:48 | Farm |
| 3:53 | Scout Tower |
| 4:03 | Footman |
| 4:32 | Arcane Tower |
| 4:35 | Blacksmith |
| 5:19 | Summon Water Elemental |
| 5:41 | Boots of Speed |
| 5:49 | Rifleman |
| 5:55 | Scroll of Regeneration |
| 5:58 | Lesser Clarity Potion |
| 6:11 | Arcane Sanctum |
| 6:15 | Farm |
| 7:00 | Rifleman |
| 7:00 | Long Rifles |
| 7:01 | Priest |
| 7:16 | Siphon Mana |
| 7:34 | Sorceress |
| 7:45 | Scroll of Regeneration |
| 8:26 | Rifleman |
| 8:27 | Sorceress |
| 8:50 | Rifleman |
| 8:52 | Rifleman |
| 9:11 | Flame Strike |
| 9:18 | Brilliance Aura |
| 9:20 | Rifleman |
| 9:22 | Farm |
| 9:25 | Farm |
| 9:58 | Priest |
| 10:12 | Peasant |
| 10:12 | Peasant |
| 10:12 | Peasant |
| 10:15 | Lumber Mill |
| 11:05 | Rifleman |
| 11:22 | Castle |
| 11:23 | Black Gunpowder |
| 11:28 | Barracks |
| 11:30 | Flame Strike |
| 11:48 | Town Hall |
| 11:52 | Scout Tower |
| 11:52 | Scout Tower |
| 11:52 | Scout Tower |
| 11:53 | Scout Tower |
| 11:56 | Scout Tower |
| 11:57 | Scout Tower |
| 11:58 | Scout Tower |
| 12:02 | Rifleman |
| 12:08 | Improved Lumber Harvesting |
| 12:32 | Arcane Tower |
| 12:33 | Guard Tower |
| 12:40 | Priest |
| 12:43 | Priest Adept Training |
| 13:10 | Gryphon Aviary |
| 13:11 | Gryphon Aviary |
| 13:17 | Gryphon Aviary |
| 13:19 | Iron Forged Swords |
| 13:33 | Rifleman |
| 13:55 | Summon Water Elemental |
| 14:08 | Rifleman |
| 14:10 | Priest |
| 14:10 | Priest |
| 14:12 | Siphon Mana |
| 14:40 | Animal War Training |
| 14:43 | Farm |
| 14:44 | Farm |
| Right click | 952 |
| Select group | 489 |
| Select | 318 |
| Build/train/purchase | 129 |
| Misc. action | 91 |
| Assign group | 80 |
| Use ability | 8 |
| Minimap ping | 8 |
| Chat | 5 |
| Esc | 2 |
| Remove unit | 1 |


| Rod of Necromancy | 2 | 300 |
| total: | 2 | 300g |
| Acolyte | 8 | 600 | / | 0 |
| Ghoul | 3 | 360 | / | 0 |
| Crypt Fiend | 7 | 1505 | / | 280 |
| Obsidian Statue | 6 | 1200 | / | 210 |
| total: | 24 | 3665g | / | 490w |
| Spirit Tower | 1 | 145 | / | 40 |
| Altar of Darkness | 1 | 180 | / | 50 |
| Crypt | 2 | 400 | / | 100 |
| Ziggurat | 8 | 1200 | / | 400 |
| Tomb of Relics | 1 | 130 | / | 30 |
| Graveyard | 1 | 215 | / | 0 |
| Necropolis | 1 | 225 | / | 0 |
| Slaughterhouse | 2 | 280 | / | 270 |
| Halls of the Dead | 1 | 320 | / | 210 |
| Black Citadel | 1 | 325 | / | 230 |
| total: | 16 | 2630g | / | 850w |
| 0:02 | Acolyte |
| 0:08 | Altar of Darkness |
| 0:12 | Crypt |
| 0:23 | Ziggurat |
| 0:32 | Acolyte |
| 0:49 | Tomb of Relics |
| 1:17 | Ghoul |
| 1:27 | Graveyard |
| 1:42 | Ziggurat |
| 2:02 | Ghoul |
| 2:14 | Rod of Necromancy |
| 2:22 | Death Coil |
| 2:29 | Ghoul |
| 2:54 | Halls of the Dead |
| 3:11 | Crypt Fiend |
| 3:42 | Crypt Fiend |
| 3:58 | Unholy Aura |
| 4:25 | Ziggurat |
| 4:29 | Crypt Fiend |
| 4:58 | Crypt Fiend |
| 5:39 | Death Coil |
| 5:45 | Black Citadel |
| 5:50 | Slaughterhouse |
| 6:04 | Slaughterhouse |
| 6:23 | Crypt Fiend |
| 6:40 | Rod of Necromancy |
| 6:46 | Frost Nova |
| 8:02 | Dark Ritual |
| 8:12 | Destroyer Form |
| 8:19 | Ziggurat |
| 8:21 | Disease Cloud |
| 8:24 | Creature Attack |
| 8:24 | Creature Carapace |
| 9:04 | Web |
| 9:38 | Unholy Aura |
| 9:56 | Obsidian Statue |
| 9:56 | Obsidian Statue |
| 10:07 | Acolyte |
| 10:07 | Acolyte |
| 11:13 | Necropolis |
| 11:19 | Ziggurat |
| 11:58 | Acolyte |
| 11:59 | Acolyte |
| 12:18 | Frost Nova |
| 12:23 | Obsidian Statue |
| 12:23 | Obsidian Statue |
| 12:27 | Ziggurat |
| 12:52 | Ziggurat |
| 12:54 | Acolyte |
| 12:55 | Acolyte |
| 13:01 | Obsidian Statue |
| 13:01 | Obsidian Statue |
| 13:16 | Crypt Fiend |
| 13:16 | Crypt Fiend |
| 14:05 | Spirit Tower |
| 14:22 | Dark Ritual |
| 14:27 | Death Coil |
| 14:45 | Ziggurat |
| 14:50 | Crypt |
| Right click | 740 |
| Select | 218 |
| Build/train/purchase | 63 |
| Select group | 56 |
| Misc. action | 40 |
| Use ability | 19 |
| Assign group | 16 |
| Remove unit | 3 |
| Minimap ping | 1 |
85 units @ 13.2k
/ 1.6k
39 buildings @ 6.7k
/ 2.5k


| Healing Salve | 2 | 200 |
| Lesser Clarity Potion | 2 | 140 |
| Orb of Lightning | 1 | 375 |
| Scroll of Town Portal | 1 | 350 |
| total: | 6 | 1065g |
| Peon | 6 | 450 | / | 0 |
| Grunt | 7 | 1400 | / | 0 |
| Troll Headhunter | 4 | 560 | / | 80 |
| Spirit Walker | 2 | 390 | / | 70 |
| Tauren | 3 | 840 | / | 240 |
| total: | 22 | 3640g | / | 390w |
| Barracks | 1 | 180 | / | 50 |
| Orc Burrow | 5 | 800 | / | 200 |
| Altar of Storms | 1 | 180 | / | 50 |
| Voodoo Lounge | 1 | 130 | / | 30 |
| War Mill | 2 | 410 | / | 0 |
| Great Hall | 2 | 770 | / | 370 |
| Tauren Totem | 2 | 270 | / | 310 |
| Stronghold | 1 | 315 | / | 190 |
| Fortress | 1 | 325 | / | 190 |
| total: | 14 | 2740g | / | 1010w |
| 0:03 | Peon |
| 0:03 | Peon |
| 0:12 | Barracks |
| 0:20 | Orc Burrow |
| 0:23 | Peon |
| 0:35 | Altar of Storms |
| 0:45 | Peon |
| 0:55 | Peon |
| 1:18 | Grunt |
| 1:36 | Orc Burrow |
| 1:50 | Peon |
| 2:21 | Voodoo Lounge |
| 2:27 | Grunt |
| 2:44 | Endurance Aura |
| 2:50 | Grunt |
| 2:57 | War Mill |
| 3:22 | Grunt |
| 3:27 | Healing Salve |
| 3:57 | Orc Burrow |
| 4:29 | Shockwave |
| 4:35 | Stronghold |
| 4:38 | Troll Headhunter |
| 5:08 | Troll Headhunter |
| 5:57 | Orc Burrow |
| 5:58 | Troll Headhunter |
| 5:59 | Troll Headhunter |
| 6:01 | Steel Armor |
| 6:05 | Shockwave |
| 6:48 | Grunt |
| 7:05 | Fortress |
| 7:08 | Tauren Totem |
| 7:10 | Tauren Totem |
| 8:13 | Serpent Ward |
| 8:31 | Spirit Walker Adept Training |
| 8:32 | Spirit Walker |
| 9:21 | Grunt |
| 9:21 | Grunt |
| 10:02 | Tauren |
| 10:05 | Spirit Walker |
| 10:06 | Tauren |
| 10:10 | Healing Salve |
| 10:19 | Lesser Clarity Potion |
| 10:23 | Lesser Clarity Potion |
| 10:28 | Orb of Lightning |
| 10:59 | Endurance Aura |
| 11:20 | Scroll of Town Portal |
| 11:31 | Spirit Walker Master Training |
| 11:31 | Pulverize |
| 11:34 | Orc Burrow |
| 11:46 | Healing Wave |
| 12:09 | Steel Melee Weapons |
| 12:44 | Great Hall |
| 13:00 | War Mill |
| 14:04 | Great Hall |
| 14:09 | Healing Wave |
| 14:26 | Tauren |
| Right click | 346 |
| Select | 185 |
| Select group | 149 |
| Misc. action | 97 |
| Build/train/purchase | 50 |
| Use ability | 30 |
| Assign group | 20 |
| Minimap ping | 17 |
| Item give/drop | 4 |
| Esc | 1 |

| Healing Salve | 1 | 100 |
| Lesser Clarity Potion | 1 | 70 |
| total: | 2 | 170g |
| Peon | 14 | 1050 | / | 0 |
| Wind Rider | 8 | 2120 | / | 320 |
| Tauren | 4 | 1120 | / | 320 |
| Raider | 1 | 180 | / | 40 |
| total: | 27 | 4470g | / | 680w |
| Watch Tower | 2 | 220 | / | 160 |
| Altar of Storms | 1 | 180 | / | 50 |
| Orc Burrow | 6 | 960 | / | 240 |
| Voodoo Lounge | 1 | 130 | / | 30 |
| War Mill | 1 | 205 | / | 0 |
| Beastiary | 2 | 290 | / | 280 |
| Tauren Totem | 1 | 135 | / | 155 |
| Stronghold | 1 | 315 | / | 190 |
| Fortress | 1 | 325 | / | 190 |
| total: | 14 | 2120g | / | 915w |
| 0:04 | Peon |
| 0:04 | Peon |
| 0:05 | Peon |
| 0:10 | Altar of Storms |
| 0:19 | Orc Burrow |
| 0:31 | Peon |
| 0:43 | Orc Burrow |
| 0:49 | Peon |
| 0:59 | Peon |
| 1:10 | Voodoo Lounge |
| 1:31 | War Mill |
| 1:35 | Peon |
| 1:36 | Peon |
| 1:49 | Peon |
| 1:59 | Peon |
| 2:15 | Peon |
| 2:15 | Peon |
| 2:19 | Wind Walk |
| 2:54 | Watch Tower |
| 2:57 | Stronghold |
| 3:11 | Spiked Barricades |
| 3:37 | Orc Burrow |
| 3:52 | Healing Salve |
| 4:03 | Steel Armor |
| 4:19 | Watch Tower |
| 4:47 | Critical Strike |
| 4:53 | Lesser Clarity Potion |
| 5:05 | Steel Ranged Weapons |
| 5:20 | Beastiary |
| 5:25 | Beastiary |
| 5:31 | Peon |
| 5:31 | Peon |
| 6:23 | Thorium Armor |
| 6:30 | Wind Rider |
| 6:35 | Fortress |
| 6:44 | Orc Burrow |
| 7:10 | Wind Rider |
| 7:36 | Wind Rider |
| 8:05 | Wind Rider |
| 8:31 | Wind Rider |
| 8:44 | Thorium Ranged Weapons |
| 9:19 | Wind Walk |
| 9:46 | Wind Rider |
| 10:13 | Tauren Totem |
| 10:15 | Steel Melee Weapons |
| 10:59 | Envenomed Spears |
| 11:00 | Wind Rider |
| 11:17 | Orc Burrow |
| 11:29 | Tauren |
| 12:01 | Thorium Melee Weapons |
| 12:08 | Tauren |
| 12:35 | Liquid Fire |
| 13:01 | Critical Strike |
| 13:05 | Tauren |
| 13:10 | Orc Burrow |
| 14:29 | Tauren |
| 14:33 | Raider |
| 14:35 | Wind Rider |
| Right click | 269 |
| Select | 119 |
| Build/train/purchase | 53 |
| Select group | 6 |
| Assign group | 3 |
| Use ability | 3 |
| Minimap ping | 2 |
| Remove unit | 1 |

| Wisp | 9 | 540 | / | 0 |
| Archer | 15 | 1950 | / | 150 |
| Huntress | 10 | 1950 | / | 200 |
| Mountain Giant | 2 | 700 | / | 200 |
| total: | 36 | 5140g | / | 550w |
| Altar of Elders | 1 | 180 | / | 50 |
| Moon Well | 6 | 1080 | / | 240 |
| Ancient of War | 1 | 150 | / | 60 |
| Hunter's Hall | 1 | 210 | / | 100 |
| Ancient of Wonders | 1 | 90 | / | 30 |
| Ancient of Lore | 1 | 155 | / | 145 |
| Tree of Ages | 1 | 320 | / | 180 |
| total: | 11 | 1865g | / | 625w |
| 0:08 | Wisp |
| 0:08 | Wisp |
| 0:08 | Wisp |
| 0:08 | Wisp |
| 0:09 | Wisp |
| 0:09 | Wisp |
| 0:10 | Wisp |
| 0:25 | Altar of Elders |
| 0:41 | Moon Well |
| 0:55 | Ancient of War |
| 1:14 | Wisp |
| 1:15 | Wisp |
| 1:50 | Moon Well |
| 2:01 | Archer |
| 2:01 | Archer |
| 2:01 | Archer |
| 2:02 | Archer |
| 2:49 | Moon Well |
| 2:58 | Hunter's Hall |
| 3:04 | Ancient of Wonders |
| 3:10 | Archer |
| 3:16 | Archer |
| 3:21 | Evasion |
| 3:47 | Moon Well |
| 4:05 | Strength of the Moon |
| 4:08 | Moon Armor |
| 4:20 | Huntress |
| 4:20 | Huntress |
| 5:06 | Huntress |
| 5:07 | Huntress |
| 5:19 | Moon Well |
| 5:42 | Immolation |
| 7:08 | Huntress |
| 7:08 | Huntress |
| 7:08 | Huntress |
| 7:38 | Tree of Ages |
| 7:45 | Huntress |
| 7:47 | Archer |
| 7:47 | Archer |
| 7:47 | Archer |
| 7:48 | Archer |
| 8:10 | Evasion |
| 10:15 | Huntress |
| 10:15 | Huntress |
| 10:16 | Archer |
| 10:16 | Archer |
| 10:16 | Archer |
| 10:16 | Archer |
| 10:16 | Archer |
| 10:20 | Improved Moon Armor |
| 10:21 | Improved Strength of the Moon |
| 10:32 | Ancient of Lore |
| 11:52 | Mountain Giant |
| 11:54 | Mountain Giant |
| 12:08 | Moon Well |
| 12:15 | Advanced Strength of the Moon |
| 13:02 | Moon Glaive |
| 13:03 | Improved Bows |
| 14:19 | Immolation |
| Select | 102 |
| Right click | 85 |
| Build/train/purchase | 57 |
| Use ability | 2 |